 Dungeon Crawl Stone Soup version 0.29.1-1-gd02db6906a (webtiles) character file.

Game seed: 15895692169621463493

130416 KamiKatze the Severer (level 16, -1/138 HPs)
             Began as a Palentonga Berserker on Sept 29, 2022.
             Was a High Priest of Trog.
             Slain by a faun
             ... wielding a +2 spear of venom
              (22 damage)
             ... on level 2 of the Shoals on Oct 1, 2022.
             The game lasted 02:05:47 (31133 turns).

KamiKatze the Severer (Palentonga Berserker)       Turns: 31133, Time: 02:05:47

Health: -1/138     AC: 44    Str: 29    XL:     16   Next: 52%
Magic:  0/16       EV:  7    Int:  9    God:    Trog [*****.]
Gold:   199        SH: 12    Dex: 10    Spells: 15/15 levels left

rFire   + . .      SeeInvis +   w - +4 war axe (flame)
rCold   + . .      Faith    .   x - +0 kite shield
rNeg    . . .      Spirit   +   p - +9 scales of the Dragon King {rPois rF+ rC+ Will+}
rPois   +          Reflect  .   (no helmet)
rElec   .          Harm     .   s - +2 cloak
rCorr   .          Rampage  .   i - +2 pair of gloves
Will    ++++.                   V - +1 barding {Fly}
Stlth   ..........              Z - amulet of guardian spirit
HPRegen 1.33/turn               m - +4 ring of evasion
MPRegen 0.15/turn               r - +4 ring of slaying

@: strong-willed, flying, regenerating, curled up
A: large, rugged brown scales 3, see invisible, deformed body, roll 1, armoured
tail, reflexive curl
a: Rolling Charge, Renounce Religion, Berserk, Trog's Hand, Brothers in Arms


You were on level 2 of the Shoals.
You worshipped Trog.
Trog was extremely pleased with you.
You visited 5 branches of the dungeon, and saw 26 of its levels.

You collected 4303 gold pieces.
You spent 4104 gold pieces at shops.

Inventory:

Hand Weapons
 a - the +4 hand axe of Qoodweofra {protect, Dex+2}
   (You found it on level 6 of the Dungeon)

   It grants its wielder temporary protection when it strikes (+7 to AC).
   Dex:       It affects your dexterity (+2).
 e - the +5 hand axe of the Twenty Nights {flame, Fragile Will+ Dex+8}
   (Trog gifted it to you on level 5 of the Lair of Beasts)

   It burns those it strikes, dealing additional fire damage.
   Big, fiery blades are also staple armaments of hydra-hunters.
   Dex:       It affects your dexterity (+8).
   Fragile:   It will be destroyed if unequipped.
   Will:      It increases your willpower.
 w - a +4 war axe of flaming (weapon)
 N - a +2 broad axe
Missiles
 d - 3 atropa-tipped darts
 h - 6 throwing nets
 z - 3 curare-tipped darts
 C - 41 poisoned darts (quivered)
Armour
 i - a +2 pair of gloves (worn)
 p - the +9 scales of the Dragon King (worn) {rPois rF+ rC+ Will+}
   (You bought it in a shop on level 2 of the Orcish Mines)

   rF:        It protects you from fire.
   rC:        It protects you from cold.
   rPois:     It protects you from poison.
   Will:      It increases your willpower.
 s - a +2 cloak (worn)
 x - a +0 kite shield (worn)
 H - the +8 chain mail of Moral Flaws {+Inv rElec}
   (You took it off an orc on level 12 of the Dungeon)

   rElec:     It insulates you from electricity.
   +Inv:      It lets you turn invisible.
 J - +0 acid dragon scales
 V - a +1 barding of flying (worn)
Jewellery
 m - a +4 ring of evasion (left hand)
 r - a +4 ring of slaying (right hand)
 y - a ring of fire
 T - an amulet of reflection
 Y - a ring of protection from cold
 Z - an amulet of guardian spirit (around neck)
Wands
 b - a wand of light (9)
 n - a wand of mindburst (8)
 G - a wand of iceblast (15)
 I - a wand of polymorph (7)
 K - a wand of charming (16)
 M - a wand of flame (34)
Scrolls
 f - 14 scrolls of identify
 g - 9 scrolls of teleportation
 k - 3 scrolls of poison
 t - 3 scrolls of fear
 D - 3 scrolls of immolation
 F - a scroll of blinking
 O - 4 scrolls of butterflies
 U - 4 scrolls of magic mapping
Potions
 c - 3 potions of berserk rage
 j - 7 potions of curing
 o - 4 potions of haste
 q - a potion of resistance
 v - 3 potions of attraction
 A - 5 potions of heal wounds
 B - 4 potions of magic
 E - a potion of might
 P - 3 potions of cancellation
 R - 3 potions of lignification
Miscellaneous
 l - a phantom mirror
 Q - a lightning rod (4/4)


   Skills:
 + Level 12.6 Fighting
 * Level 17.0 Axes
 + Level 10.3 Armour
 + Level 10.4 Dodging
 * Level 13.0 Shields
 - Level 6.0 Evocations


You had 15 spell levels left.
You didn't know any spells.
Your spell library was empty.

Dungeon Overview and Level Annotations

Branches:
Dungeon (15/15)            Temple (1/1) D:7            Lair (5/5) D:8
 Shoals (3/4) Lair:3       Spider (0/4) Lair:2        Slime (0/5) Lair:5
    Orc (2/2) D:12            Elf (0/3) Orc:2        Vaults (0/5) D:14
 Depths (0/4) D:15

Altars:
Ashenzari
Cheibriados
Dithmenos
Elyvilon
Fedhas
Gozag
Hepliaklqana
Kikubaaqudgha
Makhleb
Nemelex Xobeh
Okawaru
Qazlal
Ru
Sif Muna
Trog
Uskayaw
Vehumet
Wu Jian
Xom
Yredelemnul
Zin
The Shining One

Shops:
D:3 [   D:6 *   D:10 :   Orc:2 ![[(   Shoals:2 *

Annotations:
D:7 2 transporters, crompyre's ghost, novice DjVM
Shoals:1 2 transporters, Tyszek's ghost, journeyman SpEn


Innate Abilities, Weirdness & Mutations

You are completely covered in rugged brown scales. (AC +3, +7% HP)
You have supernaturally acute eyesight. (SInv)
Armour fits poorly on your strangely shaped body.
You can roll at nearby foes to attack.
You have a long armoured tail.
You curl defensively after being hit. (AC +7*)


Message History

There is a stone staircase leading up, spattered with blood here.
Items here: )))) ††.
Unknown command.
You feel much better.
The merfolk siren chants its luring song. x2
The satyr shoots an arrow.
You block the arrow.
The sea snake bites you but does no damage.
The alligator snapping turtle bites you but does no damage.
Unknown command.
You cannot move away from the merfolk siren!
Unknown command.
You are too mesmerised to rage.
Unknown command.
Your magical effects are unravelling.
You feel magically purged.
You break out of your daze.
You are no longer glowing.
Your fear fades away.
The merfolk siren chants a haunting song.
You resist. You block the faun's attack.
The merfolk siren chants a haunting song.
You resist. The sea snake bites you!
* * * LOW HITPOINT WARNING * * *
The satyr shoots an arrow.
The arrow hits you!
* * * LOW HITPOINT WARNING * * *
You block the alligator snapping turtle's attack.
You block the sea snake's attack.
The faun hits you with a +2 spear of venom!
* * * LOW HITPOINT WARNING * * *
The merfolk siren hits you with a +0 trident.
* * * LOW HITPOINT WARNING * * *
You block the merfolk siren's attack.
The satyr shoots an arrow.
The arrow barely misses you.
You fly upwards.
There is a stone staircase leading down here.
Unknown command.
You feel much better. The sea snake bites you.
* * * LOW HITPOINT WARNING * * *
The faun hits you with a +2 spear of venom!!
You die...

~~~~~~~~~.~~~.~≈~..# #..~~≈≈≈≈≈≈≈
~~)~~~~~~....~~~~~.###..~≈≈≈≈≈≈≈≈
..~.........~~≈~~≈.....~~≈≈≈≈≈≈≈≈
....######^.~~~≈≈≈≈...~~≈≈#≈≈≈≈≈≈
....# ###.~~~~~≈≈≈≈≈≈≈≈≈##≈≈≈≈≈≈
~~~.####...~~~~~~≈≈≈≈~≈≈≈##≈≈≈≈≈≈
~≈.##.......~~~≈≈≈≈~~~~≈≈≈≈≈≈≈≈≈≈
~...........~~≈≈mt~~~~~≈≈≈≈≈≈≈≈≈≈
~........#...~~.@S~~≈≈≈≈≈≈≈≈≈≈≈≈≈
........###....mc...~~≈≈≈≈≈≈≈≈≈≈≈
.......## ####..###..~≈≈≈≈≈≈≈≈≈≈≈
.#..#..# #### ##.~~≈≈≈≈≈≈≈≈≈≈
##.(#### #### ##.~~≈≈≈≈≈≈≈≈≈≈
....# ####..#######.~~~≈≈≈≈≈≈≈≈≈≈
.~..###..>..........~~~≈≈≈≈≈≈≈≈≈≈
~~......~~~.......~~~~≈≈≈≈≈≈≈≈≈≈≈
~~~~~~~~~~~~~~~~~~~~~≈≈≈≈≈≈≈≈≈≈≈≈


You could see an alligator snapping turtle, a sea snake, a faun (strong) and 2
merfolk sirens.

Vanquished Creatures
  Mlioglotl (Shoals:2)
  2 krakens (Shoals:2)
  A juggernaut zombie (D:15)
  Nessos (Lair:5)
  Snorg (Lair:5)
  A fire dragon (Lair:5)
  A merfolk impaler (Shoals:2)
  Erolcha (D:13)
  4 boulder beetles
  8 hydras
  An ogre mage (D:15)
  7 centaur warriors
  A death knight (D:13)
  2 spriggan skeletons (D:15)
  8 two-headed ogres
  A satyr (Shoals:2)
  An alligator snapping turtle (Shoals:2)
  2 catoblepae (Lair:5)
  A tengu warrior (D:14)
  4 death yaks
  Amaemon (Lair:1)
  4 sea snakes
  6 skeletal warriors
  A flayed ghost (D:15)
  10 harpies
  6 orc knights
  2 wizards (D:11)
  2 lindwurms (Lair:5)
  2 deep elf pyromancers
  22 ugly things
  2 necromancers
  An orc sorcerer (Orc:2)
  7 cyclopes
  6 manticores
  11 slime creatures
  11 fauns
  An iron dragon skeleton (D:15)
  4 merfolk sirens
  The ghost of Pingasnik the Poker, a novice MiBe of Trog (D:4)
  Maurice (D:9)
  5 black mambas
  9 elephants
  4 water nymphs
  A gargoyle (D:12)
  An orange demon (Lair:1)
  11 torpor snails
  Maggie (D:9)
  6 cane toads
  A yaktaur (shapeshifter) (D:14)
  2 freezing wraiths (D:14)
  5 rime drakes
  A kobold demonologist (D:14)
  7 komodo dragons
  A yaktaur (D:15)
  2 efreet (D:14)
  3 tengu conjurers (D:14)
  A polar bear (Lair:5)
  6 trolls
  9 merfolk
  10 hornets (Lair:5)
  17 blink frogs
  4 tyrant leeches (Lair:5)
  9 dream sheep
  A snapping turtle (Shoals:1)
  7 water elementals
  A culicivora (D:13)
  3 wraiths
  6 wyverns
  2 vampires
  Eustachio (D:5)
  65 yaks
  3 basilisks
  4 redbacks (D:13)
  Grum (Lair:1)
  5 wargs
  11 vampire mosquitoes
  Edmund (D:5)
  3 acid dragons
  17 water moccasins
  A swamp drake (D:12)
  33 orc warriors
  2 ice beasts (D:5)
  2 sky beasts
  12 wolves
  9 ogres
  12 centaurs
  3 boggarts (D:14)
  4 kobold brigands
  Blork the orc (D:5)
  9 bullfrogs
  3 necrophages
  2 gnoll sergeants
  9 scorpions
  12 wights
  15 killer bees
  An electric eel (D:11)
  2 howler monkeys
  6 hounds
  A gnoll bouda (Orc:2)
  22 orc priests
  2 jellies (D:5)
  6 iguanas
  20 orc wizards
  9 gnolls
  10 adders
  2 white imps (D:7)
  2 ufetubi (D:6)
  5 worms
  A dart slug (D:3)
  115 orcs
  8 endoplasms
  6 giant cockroaches
  4 goblins
  7 hobgoblins
  3 jackals (D:2)
  32 kobolds
  3 quokkas
  5 ball pythons
  9 bats
  8 frilled lizards
  7 rats
  A butterfly (Lair:1)
  2 tentacles (Shoals:2)
825 creatures vanquished.

Vanquished Creatures (collateral kills)
  2 harpies (Shoals:3)
  2 fauns (Shoals:3)
4 creatures vanquished.

Vanquished Creatures (others)
  A merfolk avatar (Shoals:3)
  An orc warrior (D:12)
  An orc wizard (D:8)
  9 demonic plants (D:3)
  21 fungi
  66 plants
  10 tentacles (Shoals:2)
  4 withered plants (D:15)
113 creatures vanquished.

Grand Total: 942 creatures vanquished

Notes
Turn   | Place    | Note
-------+----------+-------------------------------------------
     0 | D:1      | KamiKatze the Palentonga Berserker began the quest for the
                  | Orb.
     0 | D:1      | Reached XP level 1. HP: 19/19 MP: 1/1
   256 | D:1      | Found a faded altar of an unknown god.
   335 | D:1      | Reached XP level 2. HP: 16/25 MP: 2/2
   611 | D:1      | Reached XP level 3. HP: 9/31 MP: 3/3
  1229 | D:2      | Reached ** piety under Trog
  1662 | D:2      | Reached XP level 4. HP: 37/37 MP: 4/4
  1885 | D:3      | Reached skill level 4 in Axes
  1969 | D:3      | Identified the +9 long sword of Honuowk {vorpal, rF+ rCorr
                  | Str-4}
  2053 | D:3      | Found Dahuin Buop's Armour Shoppe.
  2416 | D:3      | Reached *** piety under Trog
  2424 | D:3      | Reached XP level 5. HP: 17/44 MP: 5/5
  2727 | D:4      | Identified the +5 ring mail "Ruvi" {rC- Int+8}
  2861 | D:4      | Noticed an ogre
  2872 | D:4      | Killed an ogre
  3074 | D:4      | Found a transporter.
  3099 | D:4      | Reached XP level 6. HP: 34/51 MP: 6/6
  3165 | D:4      | Noticed Pingasnik's ghost (novice MiBe)
  3175 | D:4      | Found a transporter.
  3280 | D:4      | Reached skill level 5 in Axes
  3796 | D:5      | Entered Level 5 of the Dungeon
  3810 | D:5      | Noticed an acid dragon
  3819 | D:5      | Killed an acid dragon
  3846 | D:5      | Noticed Edmund
  4096 | D:5      | Gained mutation: You curl defensively after being hit. (AC
                  | +7*) [Palentonga growth]
  4096 | D:5      | Reached XP level 7. HP: 58/58 MP: 7/7
  4178 | D:5      | Killed Edmund
  4179 | D:5      | Reached skill level 1 in Evocations
  4327 | D:5      | Reached skill level 9 in Axes
  4327 | D:5      | Reached skill level 5 in Armour
  4327 | D:5      | Reached skill level 5 in Dodging
  4327 | D:5      | Reached XP level 8. HP: 66/71 MP: 8/8
  4587 | D:5      | Noticed Blork the orc
  4600 | D:5      | Killed Blork the orc
  4667 | D:5      | Noticed Eustachio
  4684 | D:5      | Killed Eustachio
  4685 | D:5      | Reached skill level 10 in Axes
  5036 | D:5      | Reached XP level 9. HP: 73/77 MP: 9/9
  5408 | D:6      | Noticed an angel
  5409 | D:6      | Found Vutuasac's Hallowed Reliquary.
  5439 | D:6      | Reached skill level 1 in Shields
  5518 | D:6      | Identified the +4 hand axe of Qoodweofra {protect, Dex+2}
  6019 | D:6      | Bought 2 potions of heal wounds for 140 gold pieces
  6207 | D:7      | Identified the +2 leather armour of the Tundras {Dex+4}
  6286 | D:7      | Noticed a skeletal warrior
  6288 | D:7      | Noticed crompyre's ghost (novice DjVM)
  6305 | D:7      | Found a transporter.
  6371 | D:7      | Found a transporter.
  6760 | D:7      | Found a staircase to the Ecumenical Temple.
  6778 | Temple   | Entered the Ecumenical Temple
  7071 | D:8      | Found a staircase to the Lair.
  7131 | D:8      | Reached XP level 10. HP: 85/85 MP: 10/10
  7213 | D:8      | Reached **** piety under Trog
  7238 | D:8      | Found a hide-covered altar of Uskayaw.
  7240 | D:8      | Found a basalt altar of Yredelemnul.
  7243 | D:8      | Found a burning altar of Makhleb.
  7266 | D:8      | Found a hazy altar of Hepliaklqana.
  7741 | D:8      | Found an iron altar of Okawaru.
  7818 | D:9      | Noticed Maggie
  7831 | D:9      | Killed Maggie
  7832 | D:9      | Reached skill level 11 in Axes
  7929 | D:9      | Noticed Maurice
  7961 | D:9      | Killed Maurice
  8482 | D:10     | Entered Level 10 of the Dungeon
  8488 | D:10     | Reached XP level 11. HP: 84/92 MP: 11/11
  8567 | D:10     | Noticed a two-headed ogre
  8915 | D:10     | Found a shimmering blue altar of Sif Muna.
  9061 | D:10     | Found Asauneate's Self-Improvement Boutique.
  9253 | D:10     | Reached skill level 5 in Shields
  9257 | D:10     | Killed a two-headed ogre
  9381 | Lair:1   | Entered Level 1 of the Lair of Beasts
  9412 | Lair:1   | Noticed Grum
  9443 | Lair:1   | Killed Grum
  9753 | Lair:1   | Noticed Amaemon
  9770 | Lair:1   | Killed Amaemon
  9771 | Lair:1   | Reached skill level 12 in Axes
 10158 | Lair:2   | Noticed a six-headed hydra
 10212 | Lair:2   | Noticed a death yak
 10301 | Lair:1   | Killed a six-headed hydra
 10816 | Lair:2   | Reached XP level 12. HP: 71/101 MP: 12/12
 11095 | Lair:2   | Killed a death yak
 11226 | Lair:2   | Found a hole to the Spider Nest.
 11234 | Lair:2   | Reached ***** piety under Trog
 11745 | Lair:3   | Found a staircase to the Shoals.
 12682 | Lair:4   | Reached skill level 13 in Axes
 13492 | Lair:5   | Entered Level 5 of the Lair of Beasts
 13495 | Lair:5   | Found a staircase to the Slime Pits.
 13536 | Lair:5   | Noticed Nessos
 13584 | Lair:5   | Noticed a five-headed hydra
 13896 | D:11     | Noticed a six-headed hydra
 13905 | D:11     | Killed a six-headed hydra
 13907 | D:11     | Noticed a seven-headed hydra
 14390 | D:11     | Killed a seven-headed hydra
 14391 | D:11     | Reached XP level 13. HP: 110/110 MP: 13/13
 15230 | D:12     | Reached skill level 10 in Fighting
 15278 | D:12     | Identified the +8 chain mail of Moral Flaws {+Inv rElec}
 15766 | D:12     | Found a staircase to the Orcish Mines.
 15930 | D:12     | Received a gift from Trog
 16436 | D:13     | Noticed Erolcha
 16463 | D:13     | Killed Erolcha
 17111 | D:13     | Reached skill level 14 in Axes
 17422 | Orc:1    | Entered Level 1 of the Orcish Mines
 17471 | Orc:1    | Reached skill level 5 in Evocations
 17562 | Orc:2    | Entered Level 2 of the Orcish Mines
 18351 | Orc:2    | Found a staircase to the Elven Halls.
 18508 | Orc:2    | Found Ziery's Distillery.
 18511 | Orc:2    | Received a gift from Trog
 18538 | Orc:2    | Bought a potion of mutation for 96 gold pieces
 18719 | Orc:2    | Found Tucila Ximue's Armour Boutique.
 18856 | Orc:2    | Reached ****** piety under Trog
 19006 | Orc:2    | Found Qileig's Antique Armour Shop.
 19019 | Orc:2    | Reached XP level 14. HP: 106/118 MP: 14/14
 19021 | Orc:2    | Found Laqel's Antique Weapon Boutique.
 20205 | D:14     | Identified a scroll of acquirement
 20615 | D:14     | Received a gift from Trog
 20668 | D:14     | Reached skill level 10 in Shields
 20781 | D:14     | Found a gate to the Vaults.
 21705 | D:15     | Entered Level 15 of the Dungeon
 22352 | D:14     | Reached skill level 15 in Axes
 22671 | D:15     | Identified the +3 glaive of Cepoimed {freeze, rF+}
 23164 | D:15     | Found a hide-covered altar of Uskayaw.
 23459 | D:15     | Received a gift from Trog
 23505 | D:15     | Reached XP level 15. HP: 73/127 MP: 12/15
 24381 | D:15     | Found a staircase to the Depths.
 24685 | D:4      | Killed Pingasnik's ghost
 25008 | Lair:5   | Killed Nessos
 25673 | Lair:5   | Noticed Snorg
 25939 | Lair:5   | Killed Snorg
 26325 | Lair:5   | Found a snail-covered altar of Cheibriados.
 26508 | Lair:5   | Reached skill level 16 in Axes
 26641 | Lair:5   | Found a runed translucent door.
 26697 | Lair:5   | Identified the +5 hand axe of the Twenty Nights {flame,
                  | Fragile Will+ Dex+8} (Trog gifted it to you on level 5 of
                  | the Lair of Beasts)
 26697 | Lair:5   | Received a gift from Trog
 27663 | Lair:5   | Acquired 1209 gold pieces
 27928 | Orc:2    | Bought the +9 scales of the Dragon King {rPois rF+ rC+
                  | Will+} for 3868 gold pieces
 27928 | Orc:2    | Found the +9 scales of the Dragon King {rPois rF+ rC+
                  | Will+}
 28210 | Shoals:1 | Entered Level 1 of the Shoals
 28248 | Shoals:1 | Reached skill level 10 in Dodging
 28847 | Shoals:1 | Reached skill level 10 in Armour
 28847 | Shoals:1 | Reached XP level 16. HP: 73/135 MP: 9/16
 28936 | Shoals:1 | Found a transporter.
 28936 | Shoals:1 | Found a bloodstained altar of Trog.
 28942 | Shoals:1 | Noticed Tyszek's ghost (journeyman SpEn)
 28979 | Shoals:1 | Found a transporter.
 29543 | Shoals:1 | Received a gift from Trog
 29999 | Shoals:2 | Noticed a kraken
 30012 | Shoals:2 | Killed a kraken
 30272 | Shoals:2 | Found Yfocaps's Overcharged Wands.
 30827 | Shoals:2 | Noticed a kraken
 30834 | Shoals:2 | Killed a kraken
 31040 | Shoals:3 | Noticed Mlioglotl
 31053 | Shoals:2 | Killed Mlioglotl
 31119 | Shoals:3 | HP: 6/138 [alligator snapping turtle (4)]
 31123 | Shoals:3 | Reached skill level 17 in Axes
 31133 | Shoals:2 | Slain by a faun

Illustrated notes

Levels and vault maps discovered:
D:1:      dpeg_arrival_stone_temple_mockup, layout_basic,
          shapermc_ecumenical_altar_petra
D:2:      layout_loops_ring, minmay_quadrilaterals
D:3:      layout_basic, serial_shops, shop, dreamdust_princess_corridor
D:4:      layout_loops_corners, gammafunk_ghost_smash, kennysheep_boxes
D:5:      minmay_polygon_palace, layout_loops_ring, serial_bayou_pond_d,
          grunt_decor_junction, uniq_edmund, uniq_blork_the_orc, uniq_eustachio
D:6:      layout_loops_ring, hangedman_decor_growths, nicolae_good_shop
D:7:      layout_basic, minmay_temple_entry_gardened_gates,
          gammafunk_ghost_arena
D:8:      layout_rooms, nicolae_hepliaklqana_hazy_memory, minitemple,
          lemuel_coloured_pillars_altar, lair_entry_dummy
D:9:      layout_roguey, uniq_maggie, uniq_maurice
D:10:     layout_small_grid, led_sif_pool, st_stairs_10, nicolae_shop_self_help
D:11:     cheibrodos_wizards_tower, layout_basic
D:12:     layout_roguey, erik_orc_1
D:13:     layout_basic, uniq_erolcha
D:14:     wad_mega_maze, layout_basic, david_vaults_1
D:15:     gammafunk_depths_entry_grave, layout_cave_pools, special_room
          [special_room_orc], nicolae_uskayaw_murder_on_the_dancefloor,
          corexii_checkpoint_a
Temple:   minmay_temple_bridge_d
Lair:1:   layout_hall_layers, serial_bayou_shore_a, lemuel_fruit_fields,
          uniq_grum, uniq_amaemon
Lair:2:   layout_gridlike, nicolae_spider_entry_non_spiders
Lair:3:   layout_chaotic_city, shoals_dummy_entry
Lair:4:   layout_regular_city, chequers_serial_rivers_micro_e
Lair:5:   wormcave, layout_long_grid, hangedman_lair_in_review, slime_entry_1,
          kennysheep_snail_temple, infiniplex_staircase_pool_2, uniq_nessos,
          uniq_snorg
Shoals:1: layout_shoals, gammafunk_ghost_wrathful_warriors,
          nicolae_shoals_water_elemental_grotto
Shoals:2: layout_shoals, nicolae_shop_overcharged_wands
Shoals:3: layout_shoals, nicolae_shoals_mertower, uniq_mlioglotl
Orc:1:    layout_caves, portal_ice_cave_rime
Orc:2:    grunt_orc_community_town_hall, layout_caves,
          grunt_orc_community_big_house_1, grunt_orc_community_big_house_2,
          grunt_orc_community_house_2, grunt_orc_community_house_1,
          grunt_orc_community_house_3, grunt_orc_community_house_2, basic_altar,
          mines_bat_river

Skill      XL: |  1  2  3  4  5  6  7  8  9 10 11 12 13 14 15 16 |
---------------+-------------------------------------------------+-----
Armour         | 2 3 5 6 7 8 9 10 | 10.3
Dodging        | 2 3 5 6 7 8 9 10 | 10.4
Axes           | 4 5 9 10 11 12 13 14 15 16 17 | 17.0
Fighting       | 4 7 8 9 10 11 12 | 12.6
Evocations     | 1 2 3 4 5 6 |  6.0
Shields        | 2 4 6 8 9 10 12 13 | 13.0

Action                   |  1- 3 |  4- 6 |  7- 9 | 10-12 | 13-15 | 16-18 || total
-------------------------+-------+-------+-------+-------+-------+-------++-------
Melee: Hand axe          |   117 |   175 |   196 |   682 |  1585 |       ||  2755
       Tailslap          |    10 |    20 |    38 |   119 |   389 |    39 ||   615
       Punch             |     1 |     1 |       |     4 |       |       ||     6
       Flail             |       |       |       |    17 |       |       ||    17
       War axe           |       |       |       |       |   171 |   201 ||   372
       Broad axe         |       |       |       |       |     8 |       ||     8
Throw: Stone             |       |     5 |       |       |       |       ||     5
       Dart              |       |       |       |       |     2 |       ||     2
Invok: Berserk           |       |     4 |     3 |    13 |    12 |     1 ||    33
       Trog's Hand       |       |       |     2 |     7 |     8 |     2 ||    19
       Brothers in Arms  |       |       |       |       |       |     3 ||     3
 Abil: Rolling Charge    |     3 |     3 |     1 |    13 |    17 |     3 ||    40
Evoke: Wand              |       |       |       |       |    12 |       ||    12
       Lightning rod     |       |       |       |       |     3 |       ||     3
  Use: Scroll            |     1 |     2 |     8 |    15 |     8 |       ||    34
       Potion            |       |       |     1 |     1 |       |     6 ||     8
 Stab: Confused          |       |       |       |       |     1 |       ||     1
       Distracted        |       |       |       |       |     2 |       ||     2
Armor: Animal skin       |     9 |       |       |       |       |       ||     9
       Scale mail        |    52 |    62 |    62 |    48 |       |       ||   224
       Acid dragon scale |       |       |       |   240 |   184 |       ||   424
       Chain mail        |       |       |       |       |   620 |       ||   620
       Gold dragon scale |       |       |       |       |    33 |   190 ||   223
Dodge: Dodged            |    59 |    55 |    75 |   313 |   371 |    60 ||   933
Block: Kite shield       |       |       |       |    53 |   741 |   178 ||   972
